 Dungeon Crawl Stone Soup version 0.21.1-1-g345015fe64 (webtiles) character file.

336 Evaline the Gusty (level 6, -12/33 HPs)
             Began as a Tengu Air Elementalist on June 24, 2018.
             Mangled by an ogre
             ... wielding a +0 giant club
              (26 damage)
             ... on level 4 of the Dungeon.
             The game lasted 00:38:39 (3951 turns).

Evaline the Gusty (Tengu Air Elementalist)          Turns: 3951, Time: 00:38:39

Health: -12/33     AC:  3    Str:  9    XL:     6   Next: 54%
Magic:  21/21      EV: 12    Int: 17    God:
Gold:   96         SH:  0    Dex: 14    Spells: 4/11 levels left

rFire    . . .     SeeInvis .   a - +0 falchion
rCold    . . .     Gourm    .   (no shield)
rNeg     . . .     Faith    .   e - +0 leather armour
rPois    .         Spirit   .   (helmet restricted)
rElec    .         Reflect  .   (no cloak)
rCorr    .         Harm     .   (no gloves)
MR       .....                  (boots unavailable)
Stlth    ++........             (no amulet)
HPRegen  0.11/turn              p - ring of wizardry
MPRegen  0.17/turn              r - ring of magical power

@: no status effects
A: beak, talons 3, able to fly 1
a: Fly


You were on level 4 of the Dungeon.
You were hungry.

You visited 1 branch of the dungeon, and saw 4 of its levels.

You collected 96 gold pieces.

Inventory:

Hand Weapons
 a - a +0 falchion (weapon)
 b - a +0 spear
 i - a +4 dagger
 j - a +0 short sword
 o - a +2 hunting sling of flaming
 C - a +2 flail of protection
 D - a +0 flail
 K - a +0 hand axe
Missiles
 k - 142 stones
 s - 20 sling bullets
 w - 7 tomahawks (quivered)
 y - 19 poisoned needles
 H - 2 curare-tipped needles
 I - 5 javelins
Armour
 e - a +0 leather armour (worn)
 m - a +2 buckler
 G - a +0 robe
Jewellery
 n - a +2 ring of slaying {unknown}
 p - a ring of wizardry (left hand)
 r - a ring of magical power (right hand)
Scrolls
 g - a scroll of enchant weapon {unknown}
 l - a scroll of amnesia {unknown}
 q - 2 scrolls of teleportation {unknown}
 t - 6 scrolls of identify {unknown}
 u - a scroll of remove curse {unknown}
 v - a scroll of fog {unknown}
 A - a scroll of immolation {unknown}
 B - a scroll of enchant armour {unknown}
 J - a scroll of fear {unknown}
Potions
 f - a potion of lignification {unknown}
 h - 2 potions of agility {unknown}
 x - a potion of cancellation {unknown}
 z - a potion of curing {unknown}
 E - a potion of brilliance {unknown}
 F - a potion of resistance {unknown}
Books
 d - a book of Air

   Spells                             Type                      Level
   a - Shock                          Conjuration/Air              1
   b - Swiftness                      Charms/Air                   2
   c - Static Discharge               Conjuration/Air              3
   d - Airstrike                      Air                          4
   e - Lightning Bolt                 Conjuration/Air              5
Comestibles
 c - 11 rations


   Skills:
 + Level 0.7 Fighting
 + Level 1.3 Long Blades
 + Level 2.9 Dodging
 - Level 3.0 Stealth
 * Level 2.2 Shields
 + Level 3.3 Spellcasting
 - Level 3.0 Conjurations
 * Level 5.6 Air Magic


You had 4 spell levels left.
You knew the following spells:

 Your Spells              Type           Power        Failure   Level  Hunger
a - Swiftness             Chrm/Air       ##......     4%          2    ##.....
b - Airstrike             Air            ###.......   10%         4    ####...
z - Shock                 Conj/Air       ###.         1%          1    None


Dungeon Overview and Level Annotations

Branches:
Dungeon (4/15)
 Temple: D:4-7

Altars:
Fedhas
Gozag

Annotations:
D:4 Purgy


Innate Abilities, Weirdness & Mutations

You have a beak for a mouth.
You have claws for feet.
You can fly.


Message History

You are confused.
An adder comes into view.
There is a stone staircase leading up here.
The adder moves out of view.
In your confused state, you trip and fall back down the stairs.
The adder hisses angrily.
The jackal misses you. The orc wizard misses you. The ogre barely misses you.
In your confused state, you trip and fall back down the stairs.
The jackal bites you but does no damage.
The orc wizard hits you but does no damage. x2
The jackal closely misses you. The ogre closely misses you.
The orc wizard hits you but does no damage.
The orc wizard hits you with a dagger. The jackal bites you.
In your confused state, you trip and fall back down the stairs.
You feel less confused.
The jackal bites you but does no damage.
The ogre hits you with a giant club!!
Ouch! That really hurt!
You die...

...........#
##...........#
#............#
#............#
#.....O..<...#
...>.##..####
... ##.#
###S#####.#
#.Z@o......
......hoO......
#.#............
#...............
##.............
#.P.P..o......
#.._..........
..P.P.........


You could see 2 ogres, 3 orc wizards, an adder, a jackal and an adder skeleton.

Vanquished Creatures
  Edmund (D:3)
  An orc priest (D:3)
  An orc wizard (D:3)
  6 adders
  3 worms
  A dart slug (D:2)
  A leopard gecko (D:3)
  5 orcs
  7 giant cockroaches
  8 goblins
  8 hobgoblins
  14 jackals
  2 quokkas (D:3)
  3 ball pythons
  7 bats
  6 frilled lizards
  10 kobolds
  11 rats
95 creatures vanquished.

Notes
Turn   | Place    | Note
-------+----------+-------------------------------------------
     0 | D:1      | Evaline the Tengu Air Elementalist began the quest for the Orb.
     0 | D:1      | Reached XP level 1. HP: 10/10 MP: 4/4
   112 | D:1      | Reached XP level 2. HP: 8/15 MP: 1/6
   628 | D:1      | Reached XP level 3. HP: 19/19 MP: 3/7
   662 | D:1      | Learned a level 2 spell: Swiftness
  1403 | D:2      | Reached XP level 4. HP: 16/24 MP: 0/8
  1713 | D:2      | Learned a level 4 spell: Airstrike
  1818 | D:2      | Found an opulent altar of Gozag.
  2270 | D:3      | Reached skill level 1 in Shields
  2464 | D:3      | Gained mutation: You can fly. [Tengu growth]
  2464 | D:3      | Reached XP level 5. HP: 27/28 MP: 10/10
  2890 | D:4      | Found a blossoming altar of Fedhas.
  2890 | D:4      | Noticed Purgy
  2901 | D:3      | Reached skill level 1 in Long Blades
  3041 | D:4      | Noticed Edmund
  3521 | D:3      | HP: 1/28 [Edmund/flail of protection (8)]
  3633 | D:3      | Killed Edmund
  3633 | D:3      | Reached skill level 5 in Air Magic
  3633 | D:3      | Reached XP level 6. HP: 12/33 MP: 11/11
  3951 | D:4      | Mangled by an ogre

Skill      XL: |  1  2  3  4  5 |
---------------+----------------+-----
Conjurations   | 2 3 |  3.0
Shields        | 1 2 |  2.2
Long Blades    | 1 |  1.3
Stealth        | 3 |  3.0
Spellcasting   | 3 |  3.3
Air Magic      | 5 |  5.6
Fighting       | |  0.7
Dodging        | |  2.9

Action                   |  1- 3 |  4- 6 || total
-------------------------+-------+-------++-------
Melee: Spear             |    48 |    25 ||    73
       Kick              |     5 |    11 ||    16
       Peck              |     1 |     5 ||     6
       Falchion          |       |    35 ||    35
 Cast: Shock             |    54 |   123 ||   177
       Swiftness         |     1 |     2 ||     3
 Abil: Fly               |       |     8 ||     8
 Stab: Sleeping          |     3 |     8 ||    11
  Eat: Chunk             |     2 |     6 ||     8
       Ration            |       |     1 ||     1
Armor: Leather armour    |    20 |    23 ||    43
Dodge: Dodged            |    47 |    76 ||   123
Block: Buckler           |    12 |     6 ||    18
       Rpst.: Falchion   |       |    13 ||    13
